Map: Ascension to Aiur LE

Players

Ozwan - Winner!

  • Race: Terran Terran
  • League: Platinum
  • Spawn Location: 11:00

A.I. 2 (Very Easy)

  • Race: Protoss Protoss
  • Spawn Location: 5:00

VOD

Have the link to the VOD?

Description

Time

  • Played on: May 12, 2017, 4 p.m.
  • Length: 8:01
Show
View Real Time Build Order
Export as new Build Order

Ozwan Terran - Winner!

Build Orders: Reaper Expand, MMM Bio 

Get SALT Encoding   

  12  0:01  SCV  
  13  0:13  SCV  
  14  0:18  Supply Depot  
  14  0:25  SCV  
  15  0:39  SCV  
  15  0:42  Barracks  
  16  0:45  Refinery  
  16  0:51  SCV  
  17  1:03  SCV  
  18  1:15  SCV  
  19  1:30  Orbital Command  
  19  1:31  Reaper  
  20  1:49  Command Center  
  20  2:01  Barracks  
  20  2:04  SCV  
  21  2:09  Barracks Reactor  
  21  2:17  Supply Depot  
  21  2:18  SCV  
  22  2:29  Barracks  
  22  2:32  SCV  
  23  2:44  SCV  
  23  2:48  Marine x2  
  23  2:50  Barracks Tech Lab  
  26  3:06  Marine  
  26  3:08  SCV  
  26  3:09  Orbital Command  
  27  3:14  Marine  
  27  3:17  Barracks Tech Lab, Stimpack  
  27  3:20  SCV  
  27  3:21  Refinery  
  27  3:25  Marine  
  29  3:29  Marauder  
  29  3:32  SCV  
  32  3:35  Supply Depot  
  32  3:37  Combat Shields  
  32  3:40  Marine  
  33  3:44  Marine  
  33  3:48  SCV  
  35  3:52  Marine x2  
  37  3:58  SCV  
  37  4:00  SCV  
  37  4:02  Engineering Bay, Marine  
  40  4:06  Marine  
  41  4:10  Marine, SCV  
  41  4:12  SCV  
  44  4:17  Factory  
  44  4:18  Marine  
  44  4:22  SCV  
  44  4:23  Marine  
  47  4:27  SCV  
  47  4:30  Terran Infantry Weapons Level 1  
  48  4:34  SCV  
  49  4:39  SCV  
  50  4:45  Marine  
  50  4:46  Marauder, Marine  
  54  4:53  Supply Depot  
  54  4:54  Supply Depot  
  54  5:00  Concussive Shells  
  54  5:03  Starport, Factory Reactor  
  54  5:12  Missile Turret  
  54  5:14  Marine x4, SCV x2  
  54  5:18  Supply Depot  
  60  5:22  Supply Depot  
  60  5:26  SCV  
  60  5:28  SCV  
  62  5:32  Marauder x2, Marine x2  
  68  5:39  SCV  
  68  5:40  SCV  
  70  5:43  Supply Depot  
  70  5:48  Supply Depot  
  70  5:50  Marine x2  
  70  5:51  SCV  
  70  5:52  Medivac  
  70  5:53  Marine  
  70  5:54  Marauder  
  70  5:56  Medivac  
  80  6:02  SCV  
  80  6:04  SCV  
  82  6:08  Marine  
  82  6:11  Refinery  
  83  6:12  Refinery  
  83  6:23  SCV  
  84  6:27  Marine x2  
  84  6:28  Marauder  
  84  6:29  Command Center  
  84  6:32  Marine  
  89  6:35  SCV  
  89  6:39  SCV  
  91  6:45  Marine x2  
  93  6:47  SCV  
  93  6:49  Marine x2  
  93  6:51  SCV  
  97  6:55  Supply Depot x2  
  97  6:59  SCV  
  98  7:03  SCV  
  99  7:09  Hellion  
  99  7:11  SCV  
  99  7:15  SCV  
  103  7:18  Engineering Bay  
  103  7:23  SCV, Armory  
  103  7:26  Barracks  
  103  7:27  SCV  
  103  7:28  Marine  
  103  7:29  Marine  
  107  7:30  Hellion  
  107  7:31  Barracks  
  107  7:33  Marine  
  107  7:34  Marine  
  107  7:35  SCV  
  112  7:39  SCV  
  113  7:47  SCV  
Show
View Real Time Build Order
Export as new Build Order

A.I. 2 (Very Easy) Protoss 

Build Orders:  

Get SALT Encoding   

  12  0:01  Probe (Chrono Boost)  
  13  0:11  Probe (Chrono Boost)  
  14  0:20  Pylon  
  14  0:36  Assimilator  
  14  0:43  Gateway  
  14  0:47  Pylon  
  14  1:16  Assimilator  
  14  1:29  Probe (Chrono Boost)  
  14  1:31  Zealot  
  15  1:35  Cybernetics Core  
  18  1:40  Probe (Chrono Boost)  
  18  1:51  Probe (Chrono Boost)  
  19  2:00  Warp Gate  
  19  2:02  Probe (Chrono Boost)  
  20  2:13  Probe (Chrono Boost)  
  21  2:25  Probe (Chrono Boost)  
  22  2:38  Stalker  
  24  6:55  Stalker  
  24  6:57  Pylon  
  24  7:00  Probe (Chrono Boost)  
  23  7:06  Pylon  
  6  7:38  Nexus  
Tags
 
Composition
MMM Bio
League
Platinum
Matchup
PvT
Spawn Locations
Cross Positions
Add a new tag
Caveats
  • Supply blocks, unpowered buildings, or Contaminate may cause inaccurate times.
  • Supply counts are checked every 10 seconds.